 Dungeon Crawl Stone Soup version 0.21-a0-265-gb353147 (webtiles) character file.

105 Gagarin the Firebug (level 4, -3/49 HPs)
             Began as a Draconian Fire Elementalist on Sept 8, 2017.
             Killed by divine providence
             ... invoked by an orc priest
              (9 damage)
             ... on level 3 of the Dungeon on Sept 11, 2017.
             The game lasted 00:10:37 (2614 turns).

Gagarin the Firebug (Draconian Fire Elementalist)   Turns: 2614, Time: 00:10:38

Health: -3/49      AC:  8    Str: 15    XL:     4   Next: 54%
Magic:  1/8        EV: 12    Int: 17    God:
Gold:   175        SH:  0    Dex: 11    Spells: 4/8 levels left

rFire    . . .     SeeInvis .   g - +0 dagger
rCold    . . .     Gourm    .   (no shield)
rNeg     . . .     Faith    .   (armour unavailable)
rPois    .         Spirit   .   (helmet restricted)
rElec    .         Reflect  .   (no cloak)
rCorr    .         Harm     .   h - +2 pair of gloves
MR       .....                  (no boots)
Stlth    ..........             (no amulet)
HPRegen  0.16/turn              (no ring)
MPRegen  0.11/turn              (no ring)

@: berserking (expiring), very slightly contaminated, very quick
A: unfitting armour, cold-blooded, AC +5
a: no special abilities


You were on level 3 of the Dungeon.
You were hungry.

You visited 1 branch of the dungeon, and saw 3 of its levels.

You collected 175 gold pieces.

Inventory:

Hand Weapons
 g - a +0 dagger (weapon)
Armour
 h - a +2 pair of gloves (worn)
Jewellery
 e - an uncursed ring of stealth {unknown}
 o - an uncursed ring of resist corrosion {unknown}
Scrolls
 d - 3 scrolls of remove curse {unknown}
 f - 2 scrolls of identify {unknown}
 i - a scroll of fog {unknown}
 j - a scroll of enchant weapon {unknown}
 l - 2 scrolls of immolation {unknown}
 q - a scroll of magic mapping {unknown}
Potions
 p - a potion of curing {unknown}
Books
 a - a book of Flames

   Spells                             Type                      Level
   a - Flame Tongue                   Conjuration/Fire             1
   b - Throw Flame                    Conjuration/Fire             2
   c - Conjure Flame                  Conjuration/Fire             3
   d - Inner Flame                    Hexes/Fire                   3
   e - Sticky Flame                   Conjuration/Fire             4
   f - Fireball                       Conjuration/Fire             5
Comestibles
 b - 2 bread rations
 k - 8 fruits
 m - 2 royal jellies
 n - 3 chunks of flesh


   Skills:
 - Level 1.7 Dodging
 - Level 1.7 Stealth
 + Level 2.9 Spellcasting
 + Level 2.8 Conjurations
 + Level 3.8 Fire Magic


You had 4 spell levels left.
You knew the following spells:

 Your Spells              Type           Power        Failure   Level  Hunger
a - Flame Tongue          Conj/Fire      ##...        4%          1    None
b - Conjure Flame         Conj/Fire      ##......     13%         3    ###....


Dungeon Overview and Level Annotations

Branches:
Dungeon (3/15)

Altars:


Innate Abilities, Weirdness & Mutations

Your plain brown scales are hard. (AC +5)
You cannot fit into any form of body armour.
You are cold-blooded and may be slowed by cold attacks.


Message History

* * * LOW HITPOINT WARNING * * *
Casting: Flame Tongue
Confirm with . or Enter, or press ? or * to list all spells.
Aiming: Flame Tongue
Press: ? - help, Shift-Dir - straight line, f/p - orc priest
Aim: an orc priest, wielding a dagger and wearing a leather armour (moderately wounded)
The flame tongue hits the orc priest.
The orc priest is almost dead.
The orc priest miscasts a cantrip.
It was a potion of berserk rage.
A red film seems to cover your vision as you go berserk!
You feel yourself moving faster!
You feel mighty!
You hit the orc. You tail-slap the orc.
You kill the orc!
The orc priest invokes the aid of Beogh against you.
Pain shoots through your body!
* * * LOW HITPOINT WARNING * * *
The orc priest mumbles some strange prayers to Beogh against you.
Beogh smites you!
You die...

#.#. .#. ##. . .. # .. . .# #
#.#.#.## # #..#... # #...#####.#
### #.o.......# #.. #.)o######
#.# ##@## ##########.# #...#
#........... ## #### #...#
#.######.#.# .. ..# #...# #.#
#.#.. #. #.# #####...####.# #.#.#
#.##.###............######.#.#
#.##.........).........#...((....
..##....###...........##.##.##.##
..##.#..# #####...######.##.##.#


You could see 2 orc priests.

Vanquished Creatures
  An adder (D:2)
  3 worms
  A dart slug (D:2)
  4 leopard geckos
  5 orcs (D:3)
  3 giant cockroaches
  15 goblins
  4 hobgoblins
  5 jackals (D:1)
  2 ball pythons (D:2)
  8 bats
  2 frilled lizards
  9 kobolds
  A leopard gecko skeleton (D:3)
  9 rats
72 creatures vanquished.

Notes
Turn   | Place    | Note
-------+----------+-------------------------------------------
     0 | D:1      | Gagarin the Draconian Fire Elementalist began the quest for the Orb.
     0 | D:1      | Reached XP level 1. HP: 14/14 MP: 3/3
   194 | D:1      | Reached XP level 2. HP: 18/20 MP: 0/5
   829 | D:1      | Upgraded the game from 0.21-a0-264-g3e31e41 to 0.21-a0-265-gb353147
   935 | D:1      | Reached XP level 3. HP: 26/26 MP: 4/6
  1169 | D:1      | Learned a level 3 spell: Conjure Flame
  1640 | D:2      | Reached XP level 4. HP: 27/33 MP: 4/8
  2317 | D:3      | Found a faded altar of an unknown god.
  2614 | D:3      | Killed from afar by an orc priest

Vault maps used:
D:1:      tarquinn_simple_flora_water_b, minmay_crystal_water
D:2:      minmay_diamond_boxcup
D:3:      chequers_ecumenical_altar_simple

Skill      XL: |  1  2 |
---------------+-------+-----
Conjurations   | 2 |  2.8
Dodging        | |  1.7
Stealth        | |  1.7
Spellcasting   | |  2.9
Fire Magic     | |  3.8

Action                   |  1- 3 |  4- 6 || total
-------------------------+-------+-------++-------
Melee: Dagger            |    45 |    54 ||    99
       Tailslap          |     4 |     7 ||    11
 Cast: Flame Tongue      |    64 |    24 ||    88
       Conjure Flame     |     1 |     2 ||     3
  Use: Potion            |       |     1 ||     1
 Stab: Sleeping          |     5 |     4 ||     9
  Eat: Chunk             |     3 |     3 ||     6
Armor: Skin              |    41 |    32 ||    73
Dodge: Dodged            |    76 |    42 ||   118

Table legend:
 A = Spawn XP
 B = Non-spawn XP
 C = Spawn XP percentage of total XP
 D = Spawn monster count
 E = Non-spawn monster count
 F = Spawn count percentage of total count
 G = Total turns spent on level
                    A         B        C        D         E        F      G
               +---------+---------+-------+---------+---------+-------+---------
         Total |       0 |     151 |   0.0 |       0 |      72 |   0.0 |  2614
               +---------+---------+-------+---------+---------+-------+---------
           D:1 |       0 |      41 |   0.0 |       0 |      24 |   0.0 |  1202
           D:2 |       0 |      69 |   0.0 |       0 |      28 |   0.0 |   976
           D:3 |       0 |      41 |   0.0 |       0 |      20 |   0.0 |   436
               +---------+---------+-------+---------+---------+-------+---------
